 Dungeon Crawl Stone Soup version 0.29.0-4-gdea44cf6ec (webtiles) character file.

Game seed: 9075696494003111940

140 qw the Chopper (level 5, -2/30 HPs)
             Began as a Tengu Warper on Aug 28, 2022.
             Slain by a gnoll
             ... wielding a +0 flail
             ... led by a gnoll bouda
              (3 damage)
             ... on level 4 of the Dungeon.
             The game lasted 00:00:19 (3028 turns).

qw the Chopper (Tengu Warper)                       Turns: 3028, Time: 00:00:19

Health: -2/30      AC: 10    Str: 13    XL:     5   Next: 22%
Magic:  9/9        EV:  7    Int: 14    God:
Gold:   125        SH:  0    Dex: 13    Spells: 8/8 levels left

rFire   . . .      SeeInvis .   Y - +0 hand axe
rCold   . . .      Faith    .   (no shield)
rNeg    . . .      Spirit   .   b - +0 chain mail
rPois   +          Reflect  .   (helmet restricted)
rElec   .          Harm     .   m - +0 cloak
rCorr   .          Rampage  .   c - +0 pair of gloves
Will    .....                   (boots unavailable)
Stlth   ..........              (no amulet)
HPRegen 0.10/turn               i - ring of poison resistance
MPRegen 0.11/turn               (no ring)

@: flying quickly and evasively, quick
A: beak, talons 3, nimble flight
a: no special abilities


You were on level 4 of the Dungeon.
You visited 1 branch of the dungeon, and saw 4 of its levels.

You collected 125 gold pieces.


Innate Abilities, Weirdness & Mutations

You have a beak for a mouth.
You have claws for feet.
Your magical nature lets you fly swiftly and evasively.


   Skills:
 - Level 2.0 Fighting
 - Level 5.7 Axes
 - Level 1.0 Throwing
 + Level 1.4 Armour
 - Level 2.1 Dodging
 - Level 2.0 Spellcasting
 - Level 2.4 Translocations


You had 8 spell levels left.
You didn't know any spells.
Your spell library contained the following spells:

 Spells                   Type           Power      Damage    Failure   Level
 Blink                    Tloc           16%        N/A       99%         2
 Gell's Gravitas          Tloc           8%         N/A       100%        3
 Lesser Beckoning         Tloc           8%         N/A       100%        3
 Teleport Other           Tloc           8%         N/A       100%        3
 Manifold Assault         Tloc           8%         N/A       100%        5

Inventory:

Hand Weapons
 g - a +0 club
 Y - a +0 hand axe (weapon)
Armour
 b - a +0 chain mail (worn)
 c - a +0 pair of gloves (worn)
 m - a +0 cloak (worn)
Jewellery
 i - a ring of poison resistance (left hand)
Scrolls
 a - a scroll of identify
Potions
 d - a potion of heal wounds {unknown}
 e - 2 potions of might
 f - a potion of curing {unknown}
 h - a potion of mutation {unknown}
 j - a potion of degeneration {unknown}
 k - a potion of magic {unknown}
 n - a potion of cancellation {unknown}
 p - a potion of flight {unknown}

Dungeon Overview and Level Annotations

Branches:
Dungeon (4/15)
 Temple: D:4-7

Altars:
Kikubaaqudgha


Message History

You barely miss the hound. You hit the gnoll but do no damage.
You barely miss the gnoll. The hound bites you but does no damage.
The gnoll hits you from afar with a +0 spear.
The gnoll bouda closely misses you. The adder bites you but does no damage.
The gnoll barely misses you. The hound bites you. The gnoll barely misses you.
The gnoll hits you but does no damage.
You closely miss the adder. You claw the adder.
You kill the adder!
You hit the gnoll. You hit the gnoll but do no damage.
You closely miss the gnoll. You closely miss the gnoll bouda.
You hit the hound. The gnoll hits you but does no damage.
The gnoll bouda hits you with a +0 whip.
The hound barely misses you. The gnoll barely misses you.
The gnoll hits you with a +0 flail. The gnoll hits you with a +0 club.
You hit the gnoll. You peck the gnoll, but do no damage.
The gnoll is almost dead.
You closely miss the hound. You hit the gnoll but do no damage.
You barely miss the gnoll. You hit the gnoll but do no damage.
You closely miss the ball python. You closely miss the gnoll bouda.
Your attacks no longer feel as feeble.
The hound closely misses you. The ball python barely misses you.
The ball python closely misses you. The gnoll hits you but does no damage.
The gnoll bouda hits you with a +0 whip!
The gnoll hits you but does no damage. The gnoll hits you with a +0 whip.
The hound closely misses you.
The ball python bites you but does no damage.
The ball python grabs you. The ball python constricts you.
The gnoll barely misses you. x2
You completely miss the ball python. You claw the ball python.
You kill the ball python!
You closely miss the gnoll. x2
You hit the gnoll bouda but do no damage.
You closely miss the hound. You closely miss the gnoll. x2
The gnoll hits you but does no damage.
The gnoll bouda calls upon its god to heal the gnoll.
The gnoll is healed somewhat.
The hound bites you but does no damage. The gnoll barely misses you.
The gnoll hits you but does no damage. The gnoll hits you with a +0 flail.
You die...

........
#......
.##......
........
#.....#
.##...g.#######
......ggg...[..
......g@g......
.##....h.......
#......###...
#......# .
..........
...........
?...........
.............
..............


You could see a gnoll bouda, a hound and 5 gnolls.

Vanquished Creatures
  A hound (D:3)
  4 adders
  A worm (D:3)
  A dart slug (D:3)
  5 orcs (D:3)
  10 ball pythons
  3 endoplasms
  4 giant cockroaches
  5 goblins
  6 hobgoblins
  6 kobolds
  2 bats
  6 frilled lizards
  10 rats
64 creatures vanquished.

Notes
Turn   | Place    | Note
-------+----------+-------------------------------------------
     0 | D:1      | qw the Tengu Warper began the quest for the Orb.
     0 | D:1      | Reached XP level 1. HP: 12/12 MP: 4/4
     0 | D:1      | 0 ||| qw: Version: 0.1-a-89-g26bdef1
     0 | D:1      | 0 ||| qw: Game counter: 3297
     0 | D:1      | 0 ||| qw: Always use a shield: true
     0 | D:1      | 0 ||| qw: God list: Okawaru
     0 | D:1      | 0 ||| qw: Allow faded altars: false
     0 | D:1      | 0 ||| qw: Do Orc after D:15 true
     0 | D:1      | 0 ||| qw: Do second Lair branch before Depths: true
     0 | D:1      | 0 ||| qw: Lair rune preference: random
     0 | D:1      | 0 ||| qw: Plans: Normal
     0 | D:1      | 0 ||| PLANNING D:1-11
   226 | D:1      | Reached XP level 2. HP: 17/17 MP: 6/6
   233 | D:1      | Reached skill level 3 in Axes
   271 | D:1      | 271 ||| Stepping ~*~*~tactically~*~*~ (stealth).
   277 | D:1      | 277 ||| Stepping ~*~*~tactically~*~*~ (stealth).
   552 | D:1      | 552 ||| Stepping ~*~*~tactically~*~*~ (stealth).
   564 | D:1      | 564 ||| Stepping ~*~*~tactically~*~*~ (stealth).
   579 | D:1      | 579 ||| Stepping ~*~*~tactically~*~*~ (stealth).
   750 | D:1      | Reached XP level 3. HP: 21/21 MP: 7/7
   796 | D:1      | Found a faded altar of an unknown god.
  1023 | D:1      | 1023 ||| READING scroll labelled QIPY JIOBAUPLU.
  1026 | D:1      | 1026 ||| READING scroll labelled VIKYIG GIUJOWU.
  1027 | D:1      | 1027 ||| DROPPING scroll of blinking.
  1251 | D:2      | Reached skill level 4 in Axes
  1335 | D:2      | Found an ancient bone altar of Kikubaaqudgha.
  1709 | D:2      | 1709 ||| UPGRADING to +0 pair of gloves.
  1714 | D:2      | 1714 ||| UPGRADING to ring of poison resistance.
  1715 | D:2      | 1715 ||| READING 2 scrolls labelled LUNNYR OCOO.
  1726 | D:3      | 1726 ||| Stepping ~*~*~tactically~*~*~ (stealth).
  1737 | D:3      | 1737 ||| STAIRDANCE
  1807 | D:3      | Reached XP level 4. HP: 21/26 MP: 8/8
  1878 | D:3      | 1878 ||| FLEEEEING.
  1879 | D:3      | 1879 ||| STAIRDANCE
  2160 | D:3      | 2160 ||| Stepping ~*~*~tactically~*~*~ (stealth).
  2166 | D:3      | Reached skill level 5 in Axes
  2179 | D:3      | 2179 ||| Stepping ~*~*~tactically~*~*~ (stealth).
  2434 | D:3      | 2434 ||| FLEEEEING.
  2435 | D:3      | 2435 ||| FLEEEEING.
  2436 | D:3      | 2436 ||| FLEEEEING.
  2437 | D:3      | 2437 ||| FLEEEEING.
  2438 | D:3      | 2438 ||| FLEEEEING.
  2439 | D:3      | 2439 ||| FLEEEEING.
  2440 | D:3      | 2440 ||| FLEEEEING.
  2441 | D:3      | 2441 ||| FLEEEEING.
  2442 | D:3      | 2442 ||| FLEEEEING.
  2443 | D:3      | 2443 ||| FLEEEEING.
  2444 | D:3      | 2444 ||| FLEEEEING.
  2445 | D:3      | 2445 ||| FLEEEEING.
  2446 | D:3      | 2446 ||| FLEEEEING.
  2447 | D:3      | 2447 ||| FLEEEEING.
  2448 | D:3      | 2448 ||| FLEEEEING.
  2449 | D:3      | 2449 ||| FLEEEEING.
  2450 | D:3      | 2450 ||| FLEEEEING.
  2451 | D:3      | 2451 ||| FLEEEEING.
  2452 | D:3      | 2452 ||| FLEEEEING.
  2453 | D:3      | 2453 ||| FLEEEEING.
  2454 | D:3      | 2454 ||| FLEEEEING.
  2455 | D:3      | 2455 ||| FLEEEEING.
  2456 | D:3      | 2456 ||| FLEEEEING.
  2457 | D:3      | 2457 ||| FLEEEEING.
  2458 | D:3      | 2458 ||| FLEEEEING.
  2459 | D:3      | 2459 ||| FLEEEEING.
  2460 | D:3      | 2460 ||| FLEEEEING.
  2461 | D:3      | 2461 ||| FLEEEEING.
  2462 | D:3      | 2462 ||| FLEEEEING.
  2463 | D:3      | 2463 ||| FLEEEEING.
  2464 | D:3      | 2464 ||| FLEEEEING.
  2465 | D:3      | 2465 ||| FLEEEEING.
  2466 | D:3      | 2466 ||| FLEEEEING.
  2467 | D:3      | 2467 ||| FLEEEEING.
  2468 | D:3      | 2468 ||| FLEEEEING.
  2469 | D:3      | 2469 ||| FLEEEEING.
  2470 | D:3      | 2470 ||| FLEEEEING.
  2471 | D:3      | 2471 ||| FLEEEEING.
  2472 | D:3      | 2472 ||| FLEEEEING.
  2473 | D:3      | 2473 ||| FLEEEEING.
  2474 | D:3      | 2474 ||| FLEEEEING.
  2475 | D:3      | 2475 ||| FLEEEEING.
  2476 | D:3      | 2476 ||| FLEEEEING.
  2477 | D:3      | 2477 ||| FLEEEEING.
  2478 | D:3      | 2478 ||| FLEEEEING.
  2479 | D:3      | 2479 ||| FLEEEEING.
  2480 | D:3      | 2480 ||| FLEEEEING.
  2481 | D:3      | 2481 ||| FLEEEEING.
  2482 | D:3      | 2482 ||| FLEEEEING.
  2483 | D:3      | 2483 ||| FLEEEEING.
  2484 | D:3      | 2484 ||| FLEEEEING.
  2485 | D:3      | 2485 ||| FLEEEEING.
  2486 | D:3      | 2486 ||| FLEEEEING.
  2487 | D:3      | 2487 ||| FLEEEEING.
  2488 | D:3      | 2488 ||| FLEEEEING.
  2489 | D:3      | 2489 ||| FLEEEEING.
  2490 | D:3      | 2490 ||| FLEEEEING.
  2491 | D:3      | 2491 ||| FLEEEEING.
  2492 | D:3      | 2492 ||| FLEEEEING.
  2493 | D:3      | 2493 ||| FLEEEEING.
  2494 | D:3      | 2494 ||| FLEEEEING.
  2495 | D:3      | 2495 ||| FLEEEEING.
  2496 | D:3      | 2496 ||| FLEEEEING.
  2497 | D:3      | 2497 ||| FLEEEEING.
  2498 | D:3      | 2498 ||| FLEEEEING.
  2499 | D:3      | 2499 ||| FLEEEEING.
  2500 | D:3      | 2500 ||| FLEEEEING.
  2501 | D:3      | 2501 ||| FLEEEEING.
  2502 | D:3      | 2502 ||| FLEEEEING.
  2503 | D:3      | 2503 ||| FLEEEEING.
  2504 | D:3      | 2504 ||| FLEEEEING.
  2505 | D:3      | 2505 ||| STAIRDANCE
  2552 | D:2      | 2552 ||| UPGRADING to +1 leather armour of cold resistance.
  2562 | D:2      | 2562 ||| DROPPING +0 leather armour.
  2563 | D:2      | 2563 ||| DRINKING 2 lumpy clear potions.
  2614 | D:3      | Gained mutation: Your magical nature lets you fly swiftly
                  | and evasively. [Tengu growth]
  2614 | D:3      | Reached XP level 5. HP: 30/30 MP: 9/9
  2987 | D:3      | 2987 ||| UPGRADING to +0 chain mail.
  2997 | D:3      | 2997 ||| DROPPING +1 leather armour of cold resistance.
  2998 | D:3      | 2998 ||| UPGRADING to +0 cloak.
  3003 | D:3      | 3003 ||| READING scroll labelled ZUBBIYNUIPP.
  3027 | D:4      | HP: 6/30 [gnoll bouda/+0 whip (7)]
  3027 | D:4      | HP: 1/30 [gnoll/+0 whip[a gnoll bouda] (5)]
  3028 | D:4      | Slain by a gnoll

Levels and vault maps discovered:
D:1:      minmay_arrival_split_and_join, layout_rooms,
          dilly_ecumenical_altar_fadedgnrine, st_stairs_3
D:2:      layout_basic, basic_altar
D:3:      minmay_skewed_foursquare, layout_rooms, minmay_misc_feat_x,
          minivault_4
D:4:      layout_gridville, minmay_temple_entry_statues_pillars,
          gammafunk_ghost_necromancy

Skill      XL: |  1  2  3  4 |
---------------+-------------+-----
Axes           | 3 4 5 |  5.7
Fighting       | |  2.0
Throwing       | |  1.0
Armour         | |  1.4
Dodging        | |  2.1
Spellcasting   | |  2.0
Translocations | |  2.4

Action                   |  1- 3 |  4- 6 || total
-------------------------+-------+-------++-------
Melee: Hand axe          |    89 |    72 ||   161
       Kick              |    23 |    20 ||    43
       Peck              |    11 |     8 ||    19
Throw: Boomerang         |     7 |       ||     7
  Use: Scroll            |     3 |     1 ||     4
       Potion            |       |     1 ||     1
Armor: Leather armour    |    16 |     5 ||    21
       Chain mail        |       |    28 ||    28
Dodge: Dodged            |    39 |    54 ||    93

Table legend:
 A = Non-vault XP
 B = Vault XP
 C = Vault XP percentage of total XP
 D = Non-vault monster count
 E = Vault monster count
 F = Vault count percentage of total count
                 A         B        C        D         E       F
            +---------+---------+-------+---------+---------+-------
      Total |     190 |      11 |   5.5 |      56 |       8 |  12.5
            +---------+---------+-------+---------+---------+-------
        D:1 |      37 |       2 |   5.1 |      23 |       2 |   8.0
        D:2 |      17 |       0 |   0.0 |      11 |       0 |   0.0
        D:3 |     122 |       9 |   6.9 |      20 |       6 |  23.1
        D:4 |      14 |       0 |   0.0 |       2 |       0 |   0.0
            +---------+---------+-------+---------+---------+-------
